 Dungeon Crawl Stone Soup version 0.17.1-2-g5865329 (webtiles) character file.

340 ololoev the Chopper (level 6, -3/47 HPs)
             Began as a Demonspawn Fighter on Jan 25, 2016.
             Slain by a wight
             ... wielding a cursed +1 halberd
              (5 damage)
             ... on level 4 of the Dungeon.
             The game lasted 00:06:58 (970 turns).

ololoev the Chopper (Demonspawn Fighter)             Turns: 970, Time: 00:06:58

Health: -3/47      AC:  8    Str: 18    XL:     6   Next: 30%
Magic:  8/8        EV: 11    Int:  9    God:
Gold:   59         SH:  9    Dex: 18    Spells: 0 memorised, 5 levels left

rFire  . . .     SeeInvis .     a - +0 war axe
rCold  + . .     Clarity  .     b - +0 scale mail
rNeg   . . .     SustAt   .     c - +0 shield
rPois  .         Gourm    .     (no helmet)
rElec  .         Spirit   .     (no cloak)
rCorr  .         Warding  .     (no gloves)
rMut   .         Stasis   .     (no boots)
MR     .....                    j - amulet of rage
Stlth  +.........               (no ring)
                                (no ring)

@: agile, lethally poisoned (-3 -> -3), drained, not resistant to hostile
enchantments, very unstealthy
A: thin metallic scales 1, cold resistance 1, freezing cloud immunity
a: Evoke Berserk Rage


Innate Abilities, Weirdness & Mutations

You are partially covered in thin metallic scales (AC +2).
Your flesh is cold resistant.
You are immune to freezing clouds.

Inventory:

Hand Weapons
 a - a +0 war axe (weapon)
Missiles
 i - 4 needles of paralysis
Armour
 b - a +0 scale mail (worn)
 c - a +0 shield (worn)
Jewellery
 j - an amulet of rage (around neck)
Wands
 h - a wand of random effects (3)
Scrolls
 d - a scroll of fear {unknown}
 f - 3 scrolls of identify {unknown}
 g - a scroll of magic mapping {unknown}
 l - 2 scrolls of remove curse {unknown}
 p - 2 scrolls of enchant weapon {unknown}
Potions
 k - 2 potions of resistance
 m - a potion of magic {unknown}
 n - 2 potions of agility
 o - a potion of curing {unknown}
Comestibles
 e - 4 bread rations
 q - a royal jelly


   Skills:
 - Level 3.0(2.6) Fighting
 * Level 4.1(3.7) Axes
 + Level 3.8(3.4) Armour
 - Level 2.6(2.3) Shields
 * Level 3.7(3.3) Evocations


You had 5 spell levels left.
You didn't know any spells.


You were on level 4 of the Dungeon.
You were not hungry.

You visited 1 branch of the dungeon, and saw 4 of its levels.

You collected 59 gold pieces.

# #.####### .......
#.z@....# .......
#.#####.##########
#.)....#
#######.##.......#
###......#
#........#.#####(###
....# #..# #........#.#
#.#).
.##.###..#####........#.#
#.#..
.#...##....†......<...#.#
#.#..
..._......####........#.#
#.... ##...#.####
#######....# ###.#

Notes
Turn   | Place    | Note
--------------------------------------------------------------
     0 | D:1      | ololoev the Demonspawn Fighter began the quest for the Orb.
     0 | D:1      | Reached XP level 1. HP: 18/18 MP: 1/1
   117 | D:2      | Gained mutation: Your flesh is cold resistant. [demonic ancestry]
   117 | D:2      | Reached XP level 2. HP: 2/24 MP: 2/2
   242 | D:2      | Reached skill level 1 in Evocations
   268 | D:2      | Reached XP level 3. HP: 17/29 MP: 3/3
   470 | D:3      | Gained mutation: You are partially covered in thin metallic scales (AC +2). [demonic ancestry]
   470 | D:3      | Reached XP level 4. HP: 14/35 MP: 5/5
   590 | D:4      | Found an ancient bone altar of Kikubaaqudgha.
   643 | D:4      | Noticed Menkaure
   652 | D:4      | Killed Menkaure
   652 | D:4      | Gained mutation: You are immune to freezing clouds. [demonic ancestry]
   652 | D:4      | Reached XP level 5. HP: 2/41 MP: 5/7
   675 | D:4      | Got a faintly glowing leather armour
   686 | D:4      | Identified the +0 leather armour of the Present {+Fly Dex+3} (You found it on level 4 of the Dungeon)
   719 | D:4      | Noticed an ogre
   735 | D:4      | Killed an ogre
   735 | D:4      | Reached XP level 6. HP: 34/47 MP: 8/8
   848 | D:4      | Reached skill level 4 in Axes
   968 | D:4      | HP: 2/47 [wight/enchanted halberd (9)]
   970 | D:4      | Slain by a wight

Dungeon Overview and Level Annotations

Branches:
Dungeon (4/15)
 Temple: D:4-7

Altars:
Kikubaaqudgha


Message History

The adder is almost dead.
The adder barely misses you. x2
You closely miss the adder.
The adder is almost dead.
You block the adder's attack. The adder bites you but does no damage.
You miss the adder.
The adder is almost dead.
You block the adder's attack. The adder closely misses you.
You closely miss the adder.
The adder is almost dead.
You block the adder's attack. The adder bites you.
You are poisoned.
The adder poisons you!
Your shield prevents you from hitting the adder.
The adder is almost dead.
You feel sick. You block the adder's attack. The adder closely misses you.
A wight comes into view. It is wielding an enchanted halberd.
You hit the adder.
You kill the adder!
The wight hits you but does no damage.
You feel sick.
You slash the wight!
The wight is severely damaged.
The wight barely misses you.
The wight hits you with an enchanted halberd!
You feel drained.
You closely miss the wight.
The wight is severely damaged.
The wight hits you but does no damage.
Drink which item? (? for menu, Esc to quit)
You feel agile all of a sudden.
You feel sick.
The wight hits you with an enchanted halberd!
You hit the wight but do no damage.
The wight is severely damaged.
You block the wight's attack.
You closely miss the wight.
The wight is severely damaged.
The wight hits you with an enchanted halberd.
You die...

You could see a wight.

Vanquished Creatures
  Menkaure (D:4)
  An ogre (D:4)
  An orc wizard (D:4)
  5 adders
  2 oozes
  An adder skeleton (D:4)
  2 giant geckos (D:2)
  2 orcs (D:4)
  2 bats
  3 giant cockroaches (D:2)
  4 goblins
  4 hobgoblins
  A quokka (D:4)
  2 giant newts (D:2)
  6 kobolds
  4 rats
41 creatures vanquished.

Action                   |  1- 3 |  4- 6 || total
-------------------------+-------+-------++-------
Melee: War axe           |    84 |    46 ||   130
 Abil: Evoke Berserk Rag |     2 |       ||     2
Evoke: Wand              |     4 |     6 ||    10
  Use: Potion            |       |     7 ||     7
 Stab: Paralysed         |     4 |       ||     4
  Eat: Bread ration      |       |     1 ||     1

Vault maps used:
D:1:      minmay_arrival_widening_spiral_wide, minmay_unequal
D:3:      uniq_natasha
D:4:      nicolae_overflow_crystal_walls, first_bread, uniq_menkaure
